 Dungeon Crawl Stone Soup version 0.17.1-3-g152610e (webtiles) character file.

3400 kaze the Nimble (level 9, 0/88 HPs)
             Began as a Troll Berserker on Mar 10, 2016.
             Was an Elder of Trog.
             Slain by a killer bee (10 damage)
             ... on level 6 of the Dungeon.
             The game lasted 00:16:25 (6183 turns).

kaze the Nimble (Troll Berserker)                   Turns: 6183, Time: 00:16:26

Health: 0/88       AC:  7    Str: 30    XL:     9   Next: 75%
Magic:  8/8        EV: 13    Int:  3    God:    Trog [****..]
Gold:   344        SH:  0    Dex: 12    Spells: 0 memorised, 8 levels left

rFire  . . .     SeeInvis .     v - +3 flail (holy)
rCold  . . .     Clarity  .     a - +0 animal skin
rNeg   . . .     SustAt   .     (no shield)
rPois  .         Gourm    +     (helmet restricted)
rElec  .         Spirit   .     k - +1 cloak
rCorr  .         Warding  .     (gloves unavailable)
rMut   .         Stasis   .     (boots unavailable)
MR     ++...                    (no amulet)
Stlth  +.........               (no ring)
                                u - +3 ring of dexterity

@: lethally poisoned (0 -> -3), regenerating, very resistant to hostile
enchantments, very unstealthy
A: unfitting armour, claws 3, fast metabolism 3, gourmand, regeneration 2,
shaggy fur 1, tough skin 2
a: Berserk, Trog's Hand, Brothers in Arms, Burn Spellbooks, Renounce Religion


You were on level 6 of the Dungeon.
You worshipped Trog.
Trog was greatly pleased with you.
You were very full.

You visited 1 branch of the dungeon, and saw 7 of its levels.

You collected 344 gold pieces.

Inventory:

Hand Weapons
 e - a +1 war axe
 v - a +3 flail of holy wrath (weapon)
Missiles
 m - 3 large rocks (quivered)
Armour
 a - a +0 animal skin (worn)
 k - a +1 cloak (worn)
 p - a +0 shield
 G - a steam dragon hide
Jewellery
 o - an uncursed ring of magical power
 u - a +3 ring of dexterity (left claw)
 y - a cursed ring of loudness {unknown}
Wands
 c - a wand of fire (15)
 n - a wand of teleportation (3)
 x - a wand of invisibility (5)
Scrolls
 d - 2 scrolls of immolation
 h - 3 scrolls of teleportation
 q - 4 scrolls of identify
Potions
 j - a potion of flight
 l - 2 potions of heal wounds {unknown}
 r - a potion of might {unknown}
 s - a potion of ambrosia {unknown}
 w - 2 potions of brilliance {unknown}
 z - a potion of lignification {unknown}
 B - a potion of beneficial mutation {unknown}
 D - a potion of poison {unknown}
 E - 2 potions of curing {unknown}
Comestibles
 b - 5 bread rations
 f - 4 beef jerkies
 g - 4 meat rations
 i - a royal jelly
 t - 3 slices of pizza
 A - 2 fruits


   Skills:
 + Level 5.5 Fighting
 + Level 2.0(3.2) Axes
 + Level 4.3(4.6) Maces & Flails
 + Level 0.3 Throwing
 + Level 8.3 Dodging
 + Level 4.2 Shields
 + Level 4.0 Unarmed Combat


You had 8 spell levels left.
You didn't know any spells.

Dungeon Overview and Level Annotations

Branches:
Dungeon (7/15)             Temple (0/1) D:6

Altars:
Elyvilon
Fedhas
Nemelex Xobeh
Sif Muna
Vehumet


Innate Abilities, Weirdness & Mutations

You are too large for most types of armour.
You have claws for hands.
Your metabolism is lightning-fast.
You like to eat raw meat.
You heal very quickly.
You are covered in fur (AC +1).
You have very tough skin (AC +2).


Message History

The killer bee stings you but does no damage.
You climb upwards.
You feel sick.
There is a stone staircase leading down here.
You feel sick. The killer bee stings you.
* * * LOW HITPOINT WARNING * * *
The killer bee stings you.
* * * LOW HITPOINT WARNING * * *
The killer bee barely misses you. The killer bee closely misses you.
The killer bee misses you. The killer bee stings you.
* * * LOW HITPOINT WARNING * * *
You are more poisoned.
The killer bee poisons you!
You feel sick. The killer bee barely misses you.
The killer bee closely misses you.
The killer bee stings you but does no damage.
You feel sick. The killer bee barely misses you. The killer bee stings you.
* * * LOW HITPOINT WARNING * * *
You are more poisoned.
The killer bee poisons you! The killer bee stings you!
You die...

#....................#
#.#..................#
##.#..................#
#.##..................#
##.##..................# ##
#..##.................##
.######.####................#
.....#..# #...............##
........## ##...@.........##
.........# #..yyy.......##
.........# #...........##
.........## ##..>......##
..........# #........##
..........# ##......##
#.........# #...####
#########.## ##### #..#


You could see 3 killer bees.

Vanquished Creatures
  Grinder (D:3)
  Prince Ribbit (D:6)
  The ghost of SaintRoka the Ruffian, an amateur DDTm (D:4)
  A wyvern (D:6)
  Eustachio (D:5)
  A steam dragon (D:7)
  Edmund (D:5)
  A water moccasin (D:7)
  An ice beast (D:6)
  A necrophage (D:6)
  A centaur (D:3)
  3 ogres
  3 phantoms
  2 giant frogs (D:6)
  2 scorpions
  A water moccasin skeleton (D:5)
  9 wights
  A giant frog zombie (D:5)
  An orc priest (D:4)
  Crazy Yiuf (D:3)
  2 iguanas
  4 hounds
  A jelly (D:6)
  Jessica (D:2)
  Terence (D:3)
  7 worker ants
  Natasha (thrice) (D:3)
  2 killer bee zombies
  A hound skeleton (D:4)
  2 worker ant zombies
  10 adders
  An adder zombie (D:5)
  An adder skeleton (D:4)
  2 worms (D:2)
  4 giant geckos
  6 orcs
  3 ball pythons
  8 bats
  12 goblins
  8 hobgoblins
  7 kobolds
  2 quokkas (D:2)
  A ball python skeleton (D:4)
  8 giant cockroaches
  A giant gecko zombie (D:7)
  3 giant newts
  13 jackals
  5 rats
  A fungus (D:3)
154 creatures vanquished.

Vanquished Creatures (others)
  A rat (D:3)
1 creature vanquished.

Grand Total: 155 creatures vanquished

Notes
Turn   | Place    | Note
--------------------------------------------------------------
     0 | D:1      | kaze the Troll Berserker began the quest for the Orb.
     0 | D:1      | Reached XP level 1. HP: 22/22 MP: 0/0
     2 | D:1      | Noticed a naga
     2 | D:1      | Noticed an octopode
     4 | D:1      | Noticed an ogre
     4 | D:1      | Noticed a gargoyle
     6 | D:1      | Noticed a spriggan
     6 | D:1      | Noticed a ghoul
     8 | D:1      | Noticed a tengu
     8 | D:1      | Noticed a vampire
    10 | D:1      | Noticed a dwarf
    10 | D:1      | Noticed a formicid
    12 | D:1      | Noticed a draconian
    12 | D:1      | Noticed a demonspawn
    14 | D:1      | Noticed a merfolk
    16 | D:1      | Noticed a human
    18 | D:1      | Noticed a troll
    18 | D:1      | Noticed a felid
    20 | D:1      | Noticed an elf
    22 | D:1      | Noticed a centaur
    22 | D:1      | Noticed a demigod
    24 | D:1      | Noticed a minotaur
    26 | D:1      | Noticed a vine stalker
   206 | D:1      | Reached XP level 2. HP: 29/29 MP: 1/1
   515 | D:1      | Reached ** piety under Trog
   775 | D:1      | Reached XP level 3. HP: 36/36 MP: 2/2
  1357 | D:2      | Reached XP level 4. HP: 30/45 MP: 3/3
  1544 | D:2      | Reached *** piety under Trog
  1812 | D:2      | Noticed Jessica
  1817 | D:2      | Killed Jessica
  1914 | D:3      | Reached XP level 5. HP: 53/53 MP: 4/4
  1950 | D:3      | You fall through a shaft!
  1990 | D:4      | Reached skill level 4 in Unarmed Combat
  2158 | D:4      | Noticed SaintRoka's ghost (amateur DDTm)
  2173 | D:4      | Noticed an ogre
  2175 | D:4      | Killed SaintRoka's ghost
  2175 | D:4      | Reached skill level 1 in Maces & Flails
  2175 | D:4      | Reached XP level 6. HP: 37/62 MP: 5/5
  2239 | D:3      | Reached skill level 1 in Shields
  2317 | D:3      | Noticed Grinder
  2327 | D:3      | Killed Grinder
  2327 | D:3      | Reached XP level 7. HP: 68/68 MP: 6/6
  2589 | D:3      | Noticed Natasha
  2589 | D:3      | Noticed Terence
  2606 | D:3      | Killed Natasha
  2611 | D:3      | Killed Terence
  2611 | D:3      | Reached skill level 5 in Dodging
  2619 | D:3      | Noticed a centaur
  2622 | D:3      | Noticed Natasha
  2632 | D:3      | Killed Natasha
  2635 | D:3      | Killed a centaur
  2746 | D:3      | Noticed Natasha
  2750 | D:3      | Killed Natasha
  2780 | D:3      | Found a deep blue altar of Sif Muna.
  2867 | D:3      | Found a white marble altar of Elyvilon.
  3088 | D:3      | Noticed Crazy Yiuf
  3093 | D:3      | Killed Crazy Yiuf
  3154 | D:4      | Killed an ogre
  3834 | D:5      | Entered Level 5 of the Dungeon
  3842 | D:5      | Reached XP level 8. HP: 71/78 MP: 7/7
  3853 | D:5      | Noticed Eustachio
  3869 | D:5      | Reached skill level 1 in Axes
  3941 | D:5      | Killed Eustachio
  4124 | D:5      | Reached skill level 6 in Dodging
  4136 | D:5      | Noticed Edmund
  4150 | D:5      | Killed Edmund
  4186 | D:5      | Found a blossoming altar of Fedhas.
  4570 | D:6      | Reached **** piety under Trog
  4738 | D:6      | Found a sparkling altar of Nemelex Xobeh.
  4738 | D:6      | Noticed Prince Ribbit
  4750 | D:6      | Killed Prince Ribbit
  4752 | D:6      | Reached skill level 7 in Dodging
  4804 | D:6      | Reached XP level 9. HP: 34/87 MP: 8/8
  5045 | D:6      | Found a staircase to the Ecumenical Temple.
  5399 | D:6      | Found a radiant altar of Vehumet.
  5457 | D:6      | Reached skill level 5 in Fighting
  5851 | D:7      | Reached skill level 8 in Dodging
  6183 | D:6      | Slain by a killer bee

Action                   |  1- 3 |  4- 6 |  7- 9 || total
-------------------------+-------+-------+-------++-------
Melee: Unarmed           |   120 |    14 |       ||   134
       Flail             |       |    98 |   241 ||   339
       War axe           |       |       |   146 ||   146
       Mace              |       |       |    13 ||    13
Throw: Large rock        |       |       |     2 ||     2
Invok: Berserk           |       |     2 |     5 ||     7
       Trog's Hand       |       |     2 |     3 ||     5
  Use: Scroll            |       |     1 |    17 ||    18
  Eat: Chunk             |    18 |    11 |    37 ||    66
       Bread ration      |       |       |     1 ||     1
